 Dungeon Crawl Stone Soup version 0.31-a0-1227-g0136665373 (webtiles) character file.

Game seed: 9304993891168702660

65 horus123 the Trooper (level 4, -4/39 HPs)
             Began as a Formicid Fighter on Dec 15, 2023.
             Slain by a gnoll
             ... wielding a +0 halberd of flaming
              (10 damage)
             ... on level 2 of the Dungeon.
             The game lasted 00:02:23 (829 turns).

horus123 the Trooper (Formicid Fighter)              Turns: 829, Time: 00:02:24

Health: -4/39      AC:  6    Str: 22    XL:     4   Next: 34%
Magic:  4/4        EV:  6    Int:  8    God:
Gold:   62         SH:  5    Dex: 13    Spells: 3/3 levels left

rFire   + . .        a - +0 flail
rCold   . . .        c - +0 buckler
rNeg    . . .        b - +0 scale mail
rPois   .            (helmet unavailable)
rElec   .            (no cloak)
rCorr   .            (no gloves)
SInv    +            (no boots)
Will    .....        (no amulet) Stlth
                     h - ring of protection from fire
HPRegen 0.26/turn    (no ring)
MPRegen 0.09/turn

%: no passive effects
@: constricted
A: permanent stasis, dig shafts and tunnels, antennae 3, four strong arms
a: Dig, Shaft Self


You were on level 2 of the Dungeon.
You visited 1 branch of the dungeon, and saw 2 of its levels.

You collected 62 gold pieces.

Inventory:

Hand Weapons
 a - a +0 flail (weapon)
 f - a +1 hand axe of flaming
Armour
 b - a +0 scale mail (worn)
 c - a +0 buckler (worn)
Jewellery
 h - a ring of protection from fire (left hand)
Scrolls
 e - a scroll of brand weapon {unknown}
 i - a scroll of revelation {unknown}
 j - a scroll of amnesia {unknown}
 k - a scroll of noise {unknown}
 l - 4 scrolls of identify {unknown}
 m - a scroll of vulnerability {unknown}
Potions
 d - a potion of might
 g - a potion of mutation {unknown}


   Skills:
 - Level 5.0 Fighting
 + Level 2.6 Maces & Flails
 - Level 3.2 Armour
 - Level 4.0 Shields


You had 3 spell levels left.
You didn't know any spells.
Your spell library was empty.

Dungeon Overview and Level Annotations

Branches:
Dungeon (2/15)

Altars:


Innate Abilities, Weirdness & Mutations

You cannot be hasted, slowed, berserked, paralysed or teleported.
You can dig through walls and to a lower floor.
You have a pair of large antennae on your head. (SInv)
Your four strong arms can wield two-handed weapons with a shield.


Message History

You see here a +0 club.
Okay, then.
Unknown command.
You sense a monster nearby.
l - 4 scrolls labelled FUYZXAISORPH (gained 3) 2 gnolls and a ball python come into view.
A gnoll is wielding a +0 halberd of flaming and quivering a throwing net.
The ball python hisses angrily.
You hear a shout! x2
A gnoll comes into view. It is wielding a +0 club.
The gnoll moves out of view.
A gnoll comes into view. It is wielding a +0 spear.
The gnoll shouts!
The gnoll hits you with a +0 spear.
You hit the gnoll.
The gnoll is lightly wounded.
A hobgoblin comes into view.
The gnoll hits you with a +0 spear.
You hit the gnoll.
The gnoll is heavily wounded.
The gnoll hits you with a +0 spear. x2
You sock the gnoll!
You kill the gnoll!
The ball python bites you but does no damage.
The ball python barely misses you.
You barely miss the ball python. The gnoll barely misses you.
The ball python bites you but does no damage.
The ball python barely misses you.
You barely miss the ball python. The ball python bites you.
The ball python grabs you. The ball python constricts you.
The gnoll hits you from afar with a +0 halberd of flaming!
The gnoll burns you. The ball python bites you. The ball python constricts you.
The gnoll hits you from afar with a +0 halberd of flaming!
* * * LOW HITPOINT WARNING * * *
The gnoll burns you.
* * * LOW HITPOINT WARNING * * *
The ball python's grasp on you weakens, but your attempt to escape fails.
The ball python barely misses you. The ball python constricts you.
* * * LOW HITPOINT WARNING * * *
The gnoll hits you from afar with a +0 halberd of flaming!
You die...

... #....# ...
#....# ...
#....# ...
#)...# ###
#)##.# #.##.# #
##'##.# ,, . ##
#...#.####g...
.#####
#...#.@Sggg...
.....###
#...##########
####...####...#
###.†......#
###......#
#......#
#.....(#
###....# ##...+


You could see 3 gnolls, a hobgoblin and a ball python.

Vanquished Creatures
  2 adders (D:2)
  A gnoll (D:2)
  A ball python (D:1)
  6 endoplasms
  A giant cockroach (D:1)
  5 hobgoblins
  4 jackals (D:2)
  4 bats
  2 frilled lizards (D:1)
  2 goblins
  5 kobolds
  3 rats (D:1)
36 creatures vanquished.

Notes
Turn   | Place    | Note
-------+----------+-------------------------------------------
     0 | D:1      | horus123 the Formicid Fighter began the quest for the Orb.
     0 | D:1      | Reached XP level 1. HP: 18/18 MP: 1/1
   101 | D:1      | Reached XP level 2. HP: 25/25 MP: 2/2
   186 | D:1      | Reached skill level 4 in Fighting
   358 | D:1      | Reached XP level 3. HP: 29/31 MP: 3/3
   711 | D:2      | Reached skill level 5 in Fighting
   720 | D:2      | Reached XP level 4. HP: 14/39 MP: 4/4
   829 | D:2      | Slain by a gnoll

Illustrated notes

Levels and vault maps discovered:
D:1:      amcnicky_arrival_wind_blow, layout_rooms, hangedman_decor_lopped,
          serial_bayou_pond_e
D:2:      layout_basic

Skill      XL: |  1  2  3 |
---------------+----------+-----
Fighting       | 4 5 |  5.0
Maces & Flails | |  2.6
Armour         | |  3.2
Shields        | |  4.0

Action                     |  1- 3 |  4- 6 || total
---------------------------+-------+-------++-------
  Melee: Flail             |   111 |    10 ||   121
 Armour: Scale mail        |    80 |    12 ||    92
  Dodge: Dodged            |    72 |     5 ||    77
  Block: Buckler           |    21 |     2 ||    23

Table legend: (Time is in decaauts)
 A = Elapsed time spent in this place.
 B = Non-inter-level travel time spent in this place.
 C = Inter-level travel time spent in this place.
 D = Time resting spent in this place.
 E = Time spent auto-exploring this place.
 F = Levels seen in this place.
 G = Mean time per level.
                   A        B        C        D        E       F      G
               +--------+--------+--------+--------+--------+-----+--------+
         Total |    869 |    846 |     23 |      0 |    576 |   2 |  434.5 |
       Dungeon |    869 |    846 |     23 |      0 |    576 |   2 |  434.5 |
               +--------+--------+--------+--------+--------+-----+--------+

Top non-repeatable levels by time:
     D:1: 592 daAuts
     D:2: 276 daAuts
